 Dungeon Crawl Stone Soup version 0.31-a0-187-gba352fbbf7 (webtiles) character file.

Game seed: 2983185292938920079

210 qw the Skirmisher (level 5, -4/30 HPs)
             Began as a Deep Elf Hunter on June 22, 2023.
             Slain by a gnoll
             ... wielding a +0 spear
             ... led by a gnoll bouda
              (6 damage)
             ... on level 4 of the Dungeon.
             The game lasted 00:00:45 (2284 turns).

qw the Skirmisher (Deep Elf Hunter)                 Turns: 2284, Time: 00:00:46

Health: -4/30      AC:  7    Str: 10    XL:     5   Next: 56%
Magic:  7/7        EV: 11    Int: 14    God:
Gold:   117        SH:  0    Dex: 18    Spells: 4/4 levels left

rFire   . . .        Y - +0 shortbow (flame)
rCold   + + .        (shield currently unavailable)
rNeg    . . .        a - +2 ring mail {rC+}
rPois   .            (no helmet)
rElec   .            (no cloak)
rCorr   .            (no gloves)
SInv    .            (no boots)
Will    .....        (no amulet)
Stlth   +            b - ring of protection from cold
HPRegen 0.25/turn    (no ring)
MPRegen 0.10/turn

%: no passive effects
@: weakened
A: no striking features
a: no special abilities


You were on level 4 of the Dungeon.
You visited 1 branch of the dungeon, and saw 4 of its levels.

You collected 117 gold pieces.


   Skills:
 + Level 1.7 Fighting
 - Level 9.0 Ranged Weapons
 - Level 2.4 Dodging
 - Level 1.2 Stealth


You had 4 spell levels left.
You didn't know any spells.
Your spell library was empty.

Inventory:

Hand Weapons
 Y - a +0 shortbow of flaming (weapon)
Armour
 a - a +2 ring mail of cold resistance (worn)
Jewellery
 b - a ring of protection from cold (left hand)
Potions
 d - a potion of might {unknown}
 e - 2 potions of curing
 g - a potion of mutation {unknown}
 h - a potion of attraction {unknown}
 i - a potion of enlightenment {unknown}
 k - a potion of haste {unknown}
 m - a potion of lignification {unknown}

Dungeon Overview and Level Annotations

Branches:
Dungeon (4/15)
 Temple: D:4-7

Altars:
Kikubaaqudgha
Makhleb
Sif Muna
Vehumet

Shops:
D:1 (

Annotations:
D:3 2 runed translucent doors


Message History

The arrow burns the gnoll bouda.
The gnoll bouda is almost dead.
The adder barely misses you.
The gnoll hits you from afar with a +0 spear.
The gnoll bouda barely misses you. The gnoll closely misses you.
The adder bites you but does no damage.
You shoot an arrow.
The arrow barely misses the gnoll bouda.
The gnoll hits you from afar with a +0 spear.
The gnoll bouda barely misses you. The adder bites you but does no damage.
The gnoll hits you from afar with a +0 spear.
You shoot an arrow.
The arrow hits the gnoll bouda but does no damage.
The gnoll bouda is almost dead.
The adder closely misses you. The gnoll hits you but does no damage.
The gnoll bouda closely misses you.
The gnoll hits you from afar with a +0 spear.
The adder bites you but does no damage. The gnoll hits you but does no damage.
You shoot an arrow. The arrow hits the gnoll bouda.
The arrow burns the gnoll bouda.
The gnoll bouda is almost dead.
The gnoll bouda hits you with a +0 club.
The adder barely misses you.
The gnoll hits you from afar with a +0 spear.
The gnoll completely misses you.
You shoot an arrow.
The arrow closely misses the gnoll bouda.
The gnoll bouda misses you. The adder barely misses you.
The gnoll hits you but does no damage.
The gnoll hits you from afar with a +0 spear.
The gnoll bouda gazes fiercely through you!
You feel your attacks grow feeble. The gnoll bouda closely misses you.
The adder misses you.
You shoot an arrow.
The arrow hits the gnoll bouda but does no damage.
The gnoll bouda is almost dead.
The gnoll hits you from afar with a +0 spear.
The adder closely misses you.
The gnoll hits you from afar with a +0 spear.
You die...

# ##########...#
..#######.....<......#
#......)...#######.#.#
..#######..# #..#
######..####
...[...@...#
######gS##.# #gg# #
#..# #.[# #..# ....
....


You could see a gnoll bouda, 2 gnolls and an adder.

Vanquished Creatures
  Menkaure (D:4)
  A gnoll (D:4)
  3 adders (D:2)
  2 worms (D:2)
  3 dart slugs
  5 ball pythons
  4 endoplasms
  2 giant cockroaches (D:1)
  3 goblins
  7 hobgoblins
  3 kobolds (D:1)
  3 quokkas
  9 bats
  3 frilled lizards
  2 rats
51 creatures vanquished.

Notes
Turn   | Place    | Note
-------+----------+-------------------------------------------
     0 | D:1      | qw the Deep Elf Hunter began the quest for the Orb.
     0 | D:1      | Reached XP level 1. HP: 12/12 MP: 3/3
     0 | D:1      | 0 ||| qw: Version: 0.3-a-9-g12657ce
     0 | D:1      | 0 ||| qw: Game counter: 2133
     0 | D:1      | 0 ||| qw: Always use a shield: true
     0 | D:1      | 0 ||| qw: God list: Okawaru
     0 | D:1      | 0 ||| qw: Allow faded altars: false
     0 | D:1      | 0 ||| qw: Do Orc after D:15 true
     0 | D:1      | 0 ||| qw: Do second Lair branch before Depths: true
     0 | D:1      | 0 ||| qw: Lair rune preference: random
     0 | D:1      | 0 ||| qw: Plans: Normal
     0 | D:1      | 0 ||| PLANNING D:1-11
    29 | D:1      | Reached XP level 2. HP: 15/16 MP: 4/4
    40 | D:1      | Reached skill level 6 in Ranged Weapons
    58 | D:1      | Found Funaur's Weapon Emporium.
   144 | D:1      | Found a faded altar of an unknown god.
   573 | D:1      | Reached XP level 3. HP: 20/20 MP: 5/5
   733 | D:1      | 733 ||| UPGRADING to +0 ring mail.
   743 | D:1      | 743 ||| DROPPING +0 leather armour.
   792 | D:1      | 792 ||| READING scroll labelled GAZYOH SIOD.
   793 | D:1      | 793 ||| READING scroll labelled LIUKHL QIANT.
   794 | D:1      | 794 ||| DRINKING 2 orange potions.
   795 | D:1      | 795 ||| DROPPING scroll of butterflies.
   927 | D:2      | Reached skill level 7 in Ranged Weapons
   990 | D:2      | 990 ||| READING scroll labelled KAXOUG WOALUBA.
  1086 | D:2      | Reached XP level 4. HP: 25/25 MP: 6/6
  1122 | D:2      | 1122 ||| UPGRADING to ring of protection from cold.
  1123 | D:2      | 1123 ||| READING scroll labelled DODDAK QEULE.
  1346 | D:2      | Found a radiant altar of Vehumet.
  1802 | D:3      | Found a large runed translucent door.
  1803 | D:3      | Found a large runed translucent door.
  1864 | D:3      | Found an ancient bone altar of Kikubaaqudgha.
  2144 | D:3      | 2144 ||| UPGRADING to +2 ring mail of cold resistance.
  2154 | D:3      | 2154 ||| DROPPING +0 ring mail.
  2155 | D:3      | 2155 ||| READING scroll labelled KER URHEUCS.
  2156 | D:3      | 2156 ||| READING scroll labelled TENUYH KUUSO.
  2157 | D:3      | 2157 ||| READING scroll labelled TUN LIPNAUWOPE.
  2157 | D:3      | Found a shimmering blue altar of Sif Muna.
  2157 | D:3      | Found a burning altar of Makhleb.
  2175 | D:4      | Noticed Menkaure
  2178 | D:4      | 2178 ||| FLEEEEING.
  2179 | D:4      | 2179 ||| FLEEEEING.
  2180 | D:4      | 2180 ||| FLEEEEING.
  2181 | D:4      | 2181 ||| FLEEEEING.
  2182 | D:4      | 2182 ||| FLEEEEING.
  2183 | D:4      | 2183 ||| FLEEEEING.
  2184 | D:4      | 2184 ||| FLEEEEING.
  2185 | D:4      | 2185 ||| STAIRDANCE
  2254 | D:4      | Killed Menkaure
  2255 | D:4      | Reached skill level 9 in Ranged Weapons
  2255 | D:4      | Reached XP level 5. HP: 29/29 MP: 7/7
  2284 | D:4      | HP: 2/30 [gnoll/+0 spear[a gnoll bouda] (6)]
  2284 | D:4      | Slain by a gnoll

Levels and vault maps discovered:
D:1:      lightli_molten_gateway, layout_basic,
          hellmonk_ecumenical_altar_prayer_group, serial_shops, shop
D:2:      layout_basic, basic_altar
D:3:      layout_basic, kiku_gazebo_pond_becter, jmf_multi_god_temple2
D:4:      layout_loops_ring, nicolae_letterblocks [nicolae_letter_subblock,
          nicolae_letter_subblock, nicolae_letter_subblock,
          nicolae_letter_subblock, nicolae_letter_subblock,
          nicolae_letter_subblock, nicolae_letter_subblock,
          nicolae_letter_subblock, nicolae_letter_subblock,
          nicolae_letter_subblock, nicolae_letter_subblock,
          nicolae_letter_subblock, nicolae_letter_subblock,
          nicolae_letter_subblock, nicolae_letter_subblock,
          nicolae_letter_subblock, nicolae_letter_subblock,
          nicolae_letter_subblock, nicolae_letter_subblock,
          nicolae_letter_subblock, nicolae_letter_subblock,
          nicolae_letter_subblock, nicolae_letter_subblock,
          nicolae_letter_subblock, nicolae_letter_subblock], uniq_menkaure,
          uniq_blork_the_orc

Skill      XL: |  1  2  3  4 |
---------------+-------------+-----
Ranged Weapons | 6 7 9 |  9.0
Fighting       | |  1.7
Dodging        | |  2.4
Stealth        | |  1.2

Action                     |  1- 3 |  4- 6 || total
---------------------------+-------+-------++-------
   Fire: Shortbow          |    82 |    66 ||   148
    Use: Scroll            |     3 |     4 ||     7
         Potion            |     1 |       ||     1
 Armour: Leather armour    |     3 |       ||     3
         Ring mail         |     6 |    12 ||    18
  Dodge: Dodged            |    17 |    23 ||    40

Table legend:
 A = Non-vault XP
 B = Vault XP
 C = Vault XP percentage of total XP
 D = Non-vault monster count
 E = Vault monster count
 F = Vault count percentage of total count
                 A         B        C        D         E       F
            +---------+---------+-------+---------+---------+-------
      Total |     137 |     163 |  54.3 |      47 |       4 |   7.8
            +---------+---------+-------+---------+---------+-------
        D:1 |      35 |       6 |  14.6 |      20 |       3 |  13.0
        D:2 |      75 |       0 |   0.0 |      18 |       0 |   0.0
        D:3 |      13 |       0 |   0.0 |       8 |       0 |   0.0
        D:4 |      14 |     157 |  91.8 |       1 |       1 |  50.0
            +---------+---------+-------+---------+---------+-------
